 Dungeon Crawl Stone Soup version 0.30.1-4-g462c640d31 (webtiles) character file.

Game seed: 8034891120168523350

280 Graphine the Covert (level 6, -2/47 HPs)
             Began as a Vampire Brigand on Aug 15, 2023.
             Slain by a gnoll
             ... wielding a +1 whip of pain
             ... led by a gnoll bouda
              (11 damage)
             ... on level 4 of the Dungeon.
             The game lasted 00:10:47 (3046 turns).

Graphine the Covert (Vampire Brigand)               Turns: 3046, Time: 00:10:48

Health: -2/47      AC:  0    Str: 10    XL:     6   Next: 5%
Magic:  6/6        EV: 13    Int: 13    God:
Gold:   120        SH:  0    Dex: 18    Spells: 5/5 levels left

rFire   + . .        a - +2 dagger
rCold   . . .        (no shield)
rNeg    . . .        b - +0 robe
rPois   .            (no helmet)
rElec   .            c - +0 cloak
rCorr   .            (no gloves)
SInv    +            j - +0 pair of boots
Will    +....        (no amulet)
Stlth   ++           h - ring of protection from fire
HPRegen 0.47/turn    o - ring of willpower
MPRegen 0.10/turn

%: no passive effects
@: confused, ambrosia-drunk, corroded, on berserk cooldown, healing quickly,
slowed, very slow
A: alive, fangs 3, see invisible, vampiric 2
a: Exsanguinate


You were on level 4 of the Dungeon.
You visited 1 branch of the dungeon, and saw 5 of its levels.

You collected 164 gold pieces.
You spent 44 gold pieces at shops.

Inventory:

Hand Weapons
 a - a +2 dagger (weapon)
Missiles
 d - 12 poisoned darts
 e - 6 curare-tipped darts
 f - 4 boomerangs (quivered)
Armour
 b - a +0 robe (worn)
 c - a +0 cloak (worn)
 j - a +0 pair of boots (worn)
Jewellery
 h - a ring of protection from fire (left hand)
 o - a ring of willpower (right hand)
Scrolls
 m - a scroll of identify
 p - a scroll of teleportation
 q - a scroll of vulnerability
Potions
 g - 2 potions of curing
 i - 2 potions of might
 k - 2 potions of lignification
 l - a potion of degeneration


   Skills:
 + Level 3.0 Fighting
 + Level 3.6 Short Blades
 - Level 1.5 Throwing
 + Level 3.0 Dodging
 * Level 8.4 Stealth


You had 5 spell levels left.
You didn't know any spells.
Your spell library contained the following spells:

 Spells                   Type           Power      Damage    Failure   Level
 Apportation              Tloc           0%         N/A       30%         1
 Necrotise                Necr           0%         1d4       30%         1
 Summon Small Mammal      Summ           0%         N/A       30%         1


Dungeon Overview and Level Annotations

Branches:
Dungeon (5/15)
 Temple: D:4-7

Altars:
Ru

Shops:
D:2 !   D:4 :

Annotations:
D:5 Blork the orc


Innate Abilities, Weirdness & Mutations

Your natural rate of healing is accelerated.
You have razor-sharp teeth.
You have supernaturally acute eyesight. (SInv)
You are afflicted with vampirism and can become a bat while bloodless.


Message History

You hit the gnoll bouda. You bite the gnoll bouda.
You kill the gnoll bouda!
The gnoll hits you with a +1 whip of pain!
The gnoll barely misses you.
Your Dodging skill increases to level 3!
You have reached level 6!
The jelly hits you but does no damage. The gnoll misses you.
There is a stone staircase leading up here.
You feel a strong urge to attack something.
You are no longer berserk.
You are exhausted.
You feel yourself slow down. The scorpion barely misses you.
The gnoll barely misses you. x2; The jelly hits you.
The acid corrodes you!
You are splashed with acid!
* * * LOW HITPOINT WARNING * * *
The gnoll closely misses you.
You climb upwards.
There is a stone staircase leading down here.
You feel better. The gnoll barely misses you.
The gnoll hits you with a +1 whip of pain.
* * * LOW HITPOINT WARNING * * *
Okay, then.
You are confused.
You feel invigorated. The gnoll hits you with a +0 whip.
* * * LOW HITPOINT WARNING * * *
The gnoll hits you with a +1 whip of pain!
* * * LOW HITPOINT WARNING * * *
You writhe in agony.
* * * LOW HITPOINT WARNING * * *
The gnoll completely misses you. The gnoll misses you.
You're too confused to move!
The gnoll hits you with a +0 whip!
* * * LOW HITPOINT WARNING * * *
The gnoll barely misses you.
You hit the gnoll but do no damage. The gnoll hits you with a +0 whip.
* * * LOW HITPOINT WARNING * * *
The gnoll barely misses you. The gnoll misses you. The gnoll barely misses you.
You closely miss the gnoll. The gnoll hits you with a +0 whip.
* * * LOW HITPOINT WARNING * * *
The gnoll hits you with a +1 whip of pain!
You die...

#######################
..............Jg@gs...#
##.#######.#########.##
#..#...# #.#.......#.#
..##...###.#.#####.#.#
.......+.........#.#.#
.###...########..#.#.#
.# #...#...........#.#
.# #...#.######.####.#
.# #...#.............#


You could see a scorpion, a jelly and 2 gnolls.

Vanquished Creatures
  An ogre (D:4)
  A gnoll bouda (D:5)
  Natasha (thrice) (D:4)
  An adder (D:4)
  A worm (D:2)
  5 dart slugs
  2 orcs (D:4)
  6 ball pythons
  5 bats
  8 endoplasms
  2 giant cockroaches
  9 goblins
  6 hobgoblins
  4 quokkas
  2 frilled lizards
  9 kobolds
  6 rats
71 creatures vanquished.

Notes
Turn   | Place    | Note
-------+----------+-------------------------------------------
     0 | D:1      | Graphine the Vampire Brigand began the quest for the Orb.
     0 | D:1      | Reached XP level 1. HP: 16/16 MP: 1/1
    40 | D:1      | Reached skill level 6 in Stealth
    56 | D:1      | Reached XP level 2. HP: 16/22 MP: 2/2
   371 | D:1      | Gained mutation: You are afflicted with vampirism and can
                  | become a bat while bloodless. [Vampire growth]
   371 | D:1      | Reached XP level 3. HP: 19/27 MP: 3/3
   907 | D:2      | Found Fullicar's Distillery.
   919 | D:2      | Bought a potion of lignification for 33 gold pieces
   919 | D:2      | Bought a potion of degeneration for 11 gold pieces
  1035 | D:2      | Found a sacrificial altar of Ru.
  1847 | D:3      | Reached skill level 7 in Stealth
  2199 | D:3      | Reached XP level 4. HP: 34/34 MP: 4/4
  2482 | D:4      | Noticed an ogre
  2553 | D:4      | Found Feirum's Book Shop.
  2878 | D:4      | Noticed Natasha
  2880 | D:4      | Killed Natasha
  2889 | D:4      | Noticed Natasha
  2897 | D:4      | Killed Natasha
  2898 | D:4      | Reached XP level 5. HP: 35/39 MP: 5/5
  2902 | D:4      | Killed an ogre
  2903 | D:4      | Reached skill level 8 in Stealth
  2924 | D:4      | Noticed Natasha
  2929 | D:4      | Killed Natasha
  3030 | D:5      | Entered Level 5 of the Dungeon
  3035 | D:5      | Noticed Blork the orc
  3039 | D:5      | Reached XP level 6. HP: 36/47 MP: 6/6
  3046 | D:4      | Slain by a gnoll

Illustrated notes

Levels and vault maps discovered:
D:1:      eino_arrival_water_star, layout_basic
D:2:      layout_basic, basic_altar, serial_shops, shop, minmay_pentomino_t2
D:3:      layout_basic, old_standard_altar, minmay_ruptured
D:4:      layout_basic, serial_shops, nicolae_shop_real_fake_doors, uniq_natasha
D:5:      layout_rooms, lexackson_kobold_supper, uniq_crazy_yiuf_cottage,
          uniq_blork_the_orc, uniq_sigmund

Skill      XL: |  1  2  3  4  5 |
---------------+----------------+-----
Stealth        | 6 7 8 |  8.4
Fighting       | 2 3 |  3.0
Dodging        | 2 3 |  3.0
Short Blades   | 3 |  3.6
Throwing       | |  1.5

Action                     |  1- 3 |  4- 6 || total
---------------------------+-------+-------++-------
  Melee: Dagger            |   100 |    50 ||   150
         Bite              |    10 |     6 ||    16
  Throw: Boomerang         |    26 |     6 ||    32
         Dart              |       |     4 ||     4
    Use: Scroll            |     4 |     7 ||    11
         Potion            |       |     4 ||     4
   Stab: Sleeping          |    13 |     7 ||    20
 Armour: Robe              |    16 |     8 ||    24
  Dodge: Dodged            |    50 |    32 ||    82
